 Dungeon Crawl Stone Soup version 0.18.1-8-gdd0e5ea (webtiles) character file.

52 Metae the Grave Robber (level 3, -1/20 HPs)
             Began as a Deep Elf Necromancer on May 23, 2016.
             Slain by an orc
             ... wielding a +0 morningstar
              (5 damage)
             ... on level 3 of the Dungeon.
             The game lasted 00:28:36 (2126 turns).

Metae the Grave Robber (Deep Elf Necromancer)       Turns: 2126, Time: 00:28:37

Health: -1/20      AC:  2    Str:  5    XL:     3   Next: 60%
Magic:  6/10       EV: 13    Int: 20    God:
Gold:   114        SH:  0    Dex: 15    Spells: 4 memorised, 1 level left

rFire  . . .     SeeInvis +     (no weapon)
rCold  . . .     Gourm    .     a - +0 robe
rNeg   . . .     Faith    .     (no shield)
rPois  .         Spirit   .     (no helmet)
rElec  .         Dismiss  .     (no cloak)
rCorr  .         Reflect  .     (no gloves)
SustAt .         Harm     .     (no boots)
MR     .....                    (no amulet)
Stlth  ++........               (no ring)
                                i - ring of see invisible

@: not resistant to hostile enchantments, unstealthy
A: no striking features
a: no special abilities


You were on level 3 of the Dungeon.
You were hungry.

You visited 1 branch of the dungeon, and saw 3 of its levels.

You collected 114 gold pieces.

Inventory:

Hand Weapons
 e - a +0 club
Missiles
 f - 8 poisoned needles (quivered)
 j - 10 sling bullets
 k - 2 throwing nets
 n - 6 javelins
Armour
 a - a +0 robe (worn)
 d - a +0 robe
 t - a +0 ring mail
 w - a +0 robe
Jewellery
 i - a ring of see invisible (left hand)
Scrolls
 g - 4 scrolls of recharging
 m - 2 scrolls of identify {unknown}
 o - 2 scrolls of remove curse {unknown}
 q - 2 scrolls of amnesia {unknown}
 s - a scroll of enchant weapon {unknown}
 u - 2 scrolls of teleportation {unknown}
 y - a scroll of fear {unknown}
Potions
 h - a potion of curing {unknown}
 l - 2 potions of degeneration {unknown}
 p - a potion of agility {unknown}
Books
 b - a book of Necromancy

   Spells                             Type                      Level
   a - Pain                           Necromancy                   1
   b - Animate Skeleton               Necromancy                   1
   c - Vampiric Draining              Necromancy                   3
   d - Regeneration                   Charms/Necromancy            3
   e - Animate Dead                   Necromancy                   4
   f - Control Undead                 Necromancy                   4
Comestibles
 c - 5 bread rations
 r - a meat ration
 v - a slice of pizza
 x - a royal jelly


   Skills:
 * Level 0.7 Fighting
 + Level 2.4 Dodging
 + Level 2.6 Stealth
 * Level 3.9 Spellcasting
 + Level 5.7 Necromancy


You had one spell level left.
You knew the following spells:

 Your Spells              Type           Power        Failure   Level  Hunger
a - Pain                  Necr           ####         1%          1    None
b - Animate Skeleton      Necr           N/A          1%          1    None
c - Vampiric Draining     Necr           ####......   4%          3    ###....
d - Regeneration          Chrm/Necr      ###.......   14%         3    ###....


Dungeon Overview and Level Annotations

Branches:
Dungeon (3/15)

Altars:
The Shining One


Message History

Casting: Pain
Confirm with . or Enter, or press ? or * to list all spells.
You can't see any susceptible monsters within range! (Use Z to cast anyway.)
As you read the scroll labeled GEUJOUSENK, it crumbles to dust.
It is a scroll of recharging.
You aren't carrying any rechargeable items.
The orc hits your goblin skeleton.
The orc throws a tomahawk.
The tomahawk barely misses you.
Casting: Pain
Confirm with . or Enter, or press ? or * to list all spells.
You don't know that spell.
Casting: Pain
Confirm with . or Enter, or press ? or * to list all spells.
Aiming: Pain
Press: ? - help, Shift-Dir - straight line, f - orc, p - orc
Aim: an orc, wielding a morningstar (heavily wounded, chance to defeat MR: 96%)
The orc convulses in agony!
The orc hits your goblin skeleton.
Your goblin skeleton is destroyed!
The orc hits you with a morningstar.
You die...

##...............
#.......# #...#.# ###
##.......####..... #..
...........#..... #.#
#............... #.#
#...........(..
#.##########.............
#.#.#.#(#.#o#............
#.......@o.o)o......<....
#.#.#.#.#.#.#(...........
#.........o..(>..........
###.#.#.#.#.#.%.)..#.....
#............###########
##.#.#.#.#.#.#
#............#
##.#.#.#.#<#.#
#............#


You could see an orc wizard (invisible) and 4 orcs.

Vanquished Creatures
  An adder (D:2)
  3 dart slugs
  2 giant geckos
  An orc (D:3)
  4 giant cockroaches
  3 goblins
  4 hobgoblins (D:1)
  3 kobolds
  6 bats
  2 giant newts (D:1)
  7 rats
36 creatures vanquished.

Notes
Turn   | Place    | Note
--------------------------------------------------------------
     0 | D:1      | Metae the Deep Elf Necromancer began the quest for the Orb.
     0 | D:1      | Reached XP level 1. HP: 10/10 MP: 6/6
     2 | D:1      | Learned a level 1 spell: Animate Skeleton
   359 | D:1      | Reached skill level 5 in Necromancy
   645 | D:1      | Reached XP level 2. HP: 11/16 MP: 2/8
  1613 | D:2      | Reached XP level 3. HP: 18/20 MP: 6/10
  1618 | D:2      | Learned a level 3 spell: Vampiric Draining
  1622 | D:2      | Learned a level 3 spell: Regeneration
  1727 | D:2      | Found a glowing golden altar of the Shining One.
  2126 | D:3      | Slain by an orc

Skill      XL: |  1 |
---------------+----+-----
Necromancy     | 5 |  5.7
Fighting       | |  0.7
Dodging        | |  2.4
Stealth        | |  2.6
Spellcasting   | |  3.9

Action                   || total
-------------------------++-------
 Cast: Pain              ||    60
       Animate Skeleton  ||    10
  Use: Scroll            ||     1
  Eat: Chunk             ||     3
Armor: Robe              ||     3
Dodge: Dodged            ||    23
